 Dungeon Crawl Stone Soup version 0.27.1-33-g824d729ab1 (webtiles) character file.

Game seed: 4935067680462423496

473 hilljack the Digger (level 7, -5/36 HPs)
             Began as a Gargoyle Earth Elementalist on Nov 26, 2021.
             Shot with an arrow by a centaur (6 damage)
             ... on level 5 of the Dungeon.
             The game lasted 00:14:14 (6161 turns).

hilljack the Digger (Gargoyle Earth Elementalist)   Turns: 6161, Time: 00:14:14

Health: -5/36      AC:  8    Str: 11    XL:     7   Next: 10%
Magic:  10/12      EV: 11    Int: 18    God:
Gold:   257        SH:  0    Dex: 10    Spells: 3/13 levels left

rFire    . . .     SeeInvis .   b - +3 falchion
rCold    . . .     Faith    .   (no shield)
rNeg     + . .     Spirit   .   i - +1 robe
rPois    ∞         Reflect  .   l - +0 helmet
rElec    +         Harm     .   (no cloak)
rCorr    .         Rampage  .   (no gloves)
Will     +....                  (no boots)
Stlth    ++........             (no amulet)
HPRegen  0.12/turn              h - ring of willpower
MPRegen  0.13/turn              (no ring)

@: no status effects
A: sickness immunity, AC +4, negative energy resistance 1, electricity
resistance, torment resistance 1, petrification resistance
a: no special abilities


You were on level 5 of the Dungeon.
You visited 1 branch of the dungeon, and saw 5 of its levels.

You collected 257 gold pieces.

Inventory:

Hand Weapons
 a - a +1 vampiric dagger
 b - a +3 falchion (weapon)
Missiles
 c - 132 stones
 f - 5 javelins
 j - 29 poisoned darts (quivered)
Armour
 i - a +1 robe (worn)
 l - a +0 helmet (worn)
Jewellery
 h - a ring of willpower (left hand)
Scrolls
 k - a scroll of teleportation
 n - a scroll of identify
Potions
 d - 2 potions of attraction
 e - a potion of heal wounds
 g - 2 potions of flight
 m - a potion of curing
 o - 2 potions of lignification
 p - a potion of ambrosia {unknown}


   Skills:
 + Level 2.9 Short Blades
 + Level 2.1 Throwing
 - Level 1.5 Dodging
 - Level 2.1 Stealth
 + Level 3.6 Spellcasting
 + Level 2.8 Transmutations
 - Level 5.0 Earth Magic


You had 3 spell levels left.
You knew the following spells:

 Your Spells              Type           Power      Damage    Failure   Level
a - Sandblast             Erth           42%        2d11      1%          1
b - Passwall              Tmut/Erth      14%        N/A       4%          2
c - Stone Arrow           Conj/Erth      24%        3d8       16%         3
d - Petrify               Tmut/Erth      17%        N/A       30%         4

Your spell library contained the following spells:

 Spells                   Type           Power      Damage    Failure   Level
 Swiftness                Air            3%         N/A       43%         3
 Invisibility             Hex            1%         N/A       100%        6


Dungeon Overview and Level Annotations

Branches:
Dungeon (5/15)
 Temple: D:4-7

Altars:
Dithmenos
Gozag
Sif Muna


Innate Abilities, Weirdness & Mutations

You are immune to sickness and miasma.
Your stone body is resilient. (AC +4)
You are immune to poison.
You resist negative energy. (rN+)
You are resistant to electric shocks. (rElec)
You are resistant to unholy torment.
You are immune to petrification.


Message History

The scorpion is severely wounded.
The scorpion barely misses you. The scorpion closely misses you.
You hit the scorpion.
You kill the scorpion!
Your Throwing skill increases to level 2!
You have reached level 7!
j - 28 poisoned darts (gained 1)
j - 29 poisoned darts (gained 1) Done exploring.
Done exploring.
(D) Dungeon
Where to? (Enter - D:5, ? - help)
What level of the Dungeon? (default 1, ? - help)
You see here a scorpion corpse.
There is a stone staircase leading down here.
You climb downwards.
There is a stone staircase leading up here.
You open the door.
There is an open door here.
A centaur comes into view.
The centaur shouts!
The centaur wields a +0 shortbow.
The centaur shoots an arrow.
The arrow hits you!
The centaur shoots an arrow.
The arrow hits you!
The centaur shoots an arrow.
The arrow barely misses you.
The centaur shoots an arrow.
The arrow hits you.
The centaur shoots an arrow.
The arrow misses you.
The centaur shoots an arrow.
The arrow hits you!
* * * LOW HITPOINT WARNING * * *
Casting: Sandblast (safe; 1% risk of failure)
Confirm with . or Enter, or press ? or * to list all spells.
Okay, then.
Casting: Sandblast (safe; 1% risk of failure)
Confirm with . or Enter, or press ? or * to list all spells.
Aiming: Passwall (safe; 4% risk of failure)
Press: ? - help, Dir - move target A rock wall.
You begin to meditate on the wall.
You continue meditating on the rock.
The centaur shoots an arrow.
The arrow hits you.
You die...

####+#### ........####
........'..# ........##.#
........<#.###############.
.......#.#@.....c..........
.......+.#.###############.
.......##### ......# ###...
#... #...


You could see a centaur.

Vanquished Creatures
  A scorpion (D:4)
  A howler monkey (D:4)
  A wight (D:4)
  A jelly (D:3)
  A hound skeleton (D:4)
  A howler monkey zombie (D:4)
  8 gnolls
  6 adders
  5 worms
  5 dart slugs
  7 orcs
  11 endoplasms
  3 giant cockroaches
  13 goblins
  11 hobgoblins
  2 jackals (D:1)
  6 quokkas
  13 ball pythons
  4 bats
  5 frilled lizards
  9 kobolds
  8 rats
122 creatures vanquished.

Notes
Turn   | Place    | Note
-------+----------+-------------------------------------------
     0 | D:1      | hilljack the Gargoyle Earth Elementalist began the quest
                  | for the Orb.
     0 | D:1      | Reached XP level 1. HP: 10/10 MP: 3/3
   178 | D:1      | Reached skill level 4 in Earth Magic
   221 | D:1      | Reached XP level 2. HP: 3/15 MP: 1/5
   548 | D:1      | Reached skill level 1 in Transmutations
   771 | D:1      | Reached XP level 3. HP: 6/19 MP: 0/6
  1201 | D:1      | Reached skill level 1 in Short Blades
  1691 | D:2      | Learned a level 2 spell: Passwall
  1695 | D:2      | Learned a level 3 spell: Stone Arrow
  1779 | D:1      | Reached XP level 4. HP: 24/24 MP: 5/7
  2435 | D:2      | Reached XP level 5. HP: 11/28 MP: 4/9
  4081 | D:3      | Found a faded altar of an unknown god.
  4222 | D:3      | Reached skill level 5 in Earth Magic
  4461 | D:3      | Reached skill level 1 in Throwing
  4461 | D:3      | Reached XP level 6. HP: 32/32 MP: 6/10
  5490 | D:4      | Learned a level 4 spell: Petrify
  5854 | D:4      | Found a shimmering blue altar of Sif Muna.
  5857 | D:4      | Found an opulent altar of Gozag.
  5862 | D:4      | Found a shadowy altar of Dithmenos.
  6120 | D:4      | Reached XP level 7. HP: 36/36 MP: 12/12
  6133 | D:5      | Entered Level 5 of the Dungeon
  6159 | D:5      | HP: 1/36 [centaur/arrow (10)]
  6161 | D:5      | Shot with an arrow by a centaur

Illustrated notes

Levels and vault maps discovered:
D:1:      lightli_arrival_statuegarden, layout_loops_corners
D:2:      minmay_recursive_quarters, layout_rooms
D:3:      kennysheep_six_static_rooms, layout_basic,
          chequers_ecumenical_altar_grove, minmay_cupped
D:4:      cheibrodos_barr_body, layout_gridville, grunt_temple_overflow_diamond,
          st_stairs_1, minmay_misc_feat_doors
D:5:      layout_basic, serial_rivers, chequers_serial_rivers_micro_c,
          chequers_serial_rivers_large_a, chequers_serial_rivers_micro_c,
          chequers_serial_rivers_small_a, chequers_serial_rivers_micro_a,
          nrook_campfire, uniq_ijyb

Skill      XL: |  1  2  3  4  5  6 |
---------------+-------------------+-----
Earth Magic    | 4 5 |  5.0
Transmutations | 1 2 |  2.8
Short Blades   | 1 2 |  2.9
Spellcasting   | 3 |  3.6
Throwing       | 1 2 |  2.1
Dodging        | |  1.5
Stealth        | |  2.1

Action                   |  1- 3 |  4- 6 |  7- 9 || total
-------------------------+-------+-------+-------++-------
Melee: Dagger            |   107 |   300 |       ||   407
       Falchion          |       |    21 |       ||    21
Throw: Stone             |       |     7 |       ||     7
       Javelin           |       |     5 |       ||     5
       Dart              |       |    13 |       ||    13
 Cast: Sandblast         |    11 |    58 |       ||    69
       Passwall          |       |       |     1 ||     1
  Use: Potion            |     1 |       |       ||     1
       Scroll            |       |     9 |       ||     9
 Stab: Sleeping          |       |     2 |       ||     2
Armor: Robe              |    41 |   124 |       ||   165
       Skin              |     2 |       |       ||     2
Dodge: Dodged            |    76 |   156 |     2 ||   234
       Rpst.: Falchion   |       |     1 |       ||     1
